 Dungeon Crawl Stone Soup version 0.31.0-11-ge490571c62 (webtiles) character file.

Game seed: 10195117122907272892

763 qw the Skirmisher (level 7, -3/40 HPs)
             Began as a Deep Elf Hunter on Feb 4, 2024.
             Was an Initiate of Okawaru.
             Slain by a troll (12 damage)
             ... on level 5 of the Dungeon.
             The game lasted 00:00:19 (3287 turns).

qw the Skirmisher (Deep Elf Hunter)                 Turns: 3287, Time: 00:00:20

Health: -3/40      AC:  7    Str: 10    XL:     7   Next: 51%
Magic:  9/9        EV: 12    Int: 14    God:    Okawaru [......]
Gold:   215        SH:  0    Dex: 18    Spells: 6/6 levels left

rFire   . . .        a - +0 shortbow
rCold   . . .        (shield currently unavailable)
rNeg    + . .        f - +0 ring mail
rPois   .            g - +0 helmet
rElec   .            k - +0 cloak
rCorr   .            (no gloves)
SInv    .            (no boots)
Will    .....        (no amulet)
Stlth   +            b - ring of positive energy
HPRegen 0.26/turn    (no ring)
MPRegen 0.11/turn

%: no passive effects
@: about to teleport
A: no striking features
a: Renounce Religion


You were on level 5 of the Dungeon.
You worshipped Okawaru.
Okawaru was noncommittal.
You visited 2 branches of the dungeon, and saw 6 of its levels.

You collected 215 gold pieces.


   Skills:
 - Level 2.7 Fighting
 + Level 10.5 Ranged Weapons
 - Level 2.0 Armour
 - Level 3.8 Dodging
 - Level 1.2 Stealth


You had 6 spell levels left.
You didn't know any spells.
Your spell library was empty.

Inventory:

Hand Weapons
 a - a +0 shortbow (weapon)
Armour
 f - a +0 ring mail (worn)
 g - a +0 helmet (worn)
 h - the +1 ring mail of the Bulwark {rElec MP+9 Str-2 Stlth+}
   (You found it on level 5 of the Dungeon)

   Str-2:     It affects your strength (-2).
   rElec:     It insulates you from electricity.
   MP+9:      It affects your magic capacity (+9).
   Stlth+:    It makes you more stealthy.
 k - a +0 cloak (worn)
Jewellery
 b - a ring of positive energy (left hand)
 c - a +6 ring of strength
 d - a ring of ice
Potions
 e - 2 potions of might
 i - a potion of lignification {unknown}
 j - 3 potions of curing
 l - a potion of enlightenment {unknown}

Dungeon Overview and Level Annotations

Branches:
Dungeon (5/15)             Temple (1/1) D:4

Altars:
Cheibriados
Elyvilon
Fedhas
Gozag
Hepliaklqana
Nemelex Xobeh
Okawaru
Trog
Uskayaw
Wu Jian
Xom
Yredelemnul
The Shining One

Shops:
D:1 (


Message History

Enter note:
Enter note:
3276 ||| RETREEEEATING.
The hound misses you. The hound bites you but does no damage.
Enter note:
Enter note:
3277 ||| RETREEEEATING.
The hound bites you.
You shoot an arrow. The arrow hits the hound.
The hound is heavily wounded.
The hound barely misses you.
Enter note:
Enter note:
3279 ||| RETREEEEATING.
Found a potion of might.
Enter note:
Enter note:
3280 ||| RETREEEEATING.
The hound closely misses you.
3281 ||| RETREEEEATING.
The hound attacks as it pursues you! The hound barely misses you.
You shoot an arrow. The arrow hits the hound!
You kill the hound!
Okawaru accepts your kill.
You shoot an arrow. The arrow hits the troll.
The troll is lightly wounded.
The troll bites you. The troll completely misses you. The troll claws you!
You shoot an arrow. The arrow closely misses the troll.
The troll bites you. The troll barely misses you. x2
You shoot an arrow. The arrow hits the troll.
The troll is lightly wounded.
The troll bites you! The troll closely misses you. The troll misses you.
3286 ||| READING scroll of teleportation.
As you read the scroll of teleportation, it crumbles to dust.
You feel strangely unstable. The troll bites you but does no damage.
The troll claws you. The troll claws you but does no damage.
You shoot an arrow.
The arrow hits the troll but does no damage.
The troll bites you!
You die...

... ..##..#........
..<.. #..............
...#.#####.#.......#..
.....###..#..........
#.................
#.#....###........
#...#....#........
###.##...#....####..
#).@#..#....### ##.
#..##T.##...## ## ###
#.####.#.. # #.# .....
..# .....# ..##
....... ... .......
..! ...


You could see a troll.

Vanquished Creatures
  An ogre (D:4)
  2 phantoms
  A scorpion (D:4)
  4 hounds
  A jelly (D:4)
  An iguana (D:5)
  A sleepcap (D:5)
  3 orc wizards
  Robin (D:2)
  3 adders
  4 gnolls (D:3)
  3 ribbon worms
  2 dart slugs (D:2)
  7 orcs
  4 bats
  7 endoplasms
  8 giant cockroaches
  11 goblins
  13 hobgoblins
  2 jackals (D:1)
  10 quokkas
  8 ball pythons
  2 frilled lizards (D:3)
  6 kobolds
  7 rats
112 creatures vanquished.

Notes
Turn   | Place    | Note
-------+----------+-------------------------------------------
     0 | D:1      | qw the Deep Elf Hunter began the quest for the Orb.
     0 | D:1      | Reached XP level 1. HP: 12/12 MP: 3/3
     0 | D:1      | 0 ||| qw: Version: 0.3-a-160-g6735b56
     0 | D:1      | 0 ||| qw: Game counter: 5361
     0 | D:1      | 0 ||| qw: Melee chars always use a shield: true
     0 | D:1      | 0 ||| qw: God list: Okawaru
     0 | D:1      | 0 ||| qw: Allow faded altars: false
     0 | D:1      | 0 ||| qw: Do Orc after clearing Dungeon:15 true
     0 | D:1      | 0 ||| qw: Do second Lair branch before Depths: true
     0 | D:1      | 0 ||| qw: Lair rune preference: random
     0 | D:1      | 0 ||| qw: Goals: Normal
     0 | D:1      | 0 ||| PLANNING D:1-11
    21 | D:1      | HP: 3/12 [quokka (4)]
    26 | D:1      | HP: 1/12 [quokka (4)]
   115 | D:1      | Found Beussif's Weapon Shop.
   181 | D:1      | Reached skill level 6 in Ranged Weapons
   181 | D:1      | Reached XP level 2. HP: 16/16 MP: 4/4
   689 | D:1      | 689 ||| UPGRADING to +0 scale mail.
   699 | D:1      | 699 ||| DROPPING +0 leather armour.
   700 | D:1      | 700 ||| UPGRADING to +0 ring mail.
   710 | D:1      | 710 ||| DROPPING +0 scale mail.
   711 | D:1      | 711 ||| UPGRADING to +0 cloak.
   716 | D:1      | 716 ||| READING 2 scrolls labelled GAEHUI OLLUA.
   716 | D:1      | 716 ||| IDENTIFYING fuming emerald potion
   717 | D:1      | 717 ||| READING scroll of identify.
   717 | D:1      | 717 ||| IDENTIFYING 3 purple potions
   718 | D:1      | 718 ||| READING scroll labelled BIHIALOXABB.
   719 | D:1      | 719 ||| DROPPING scroll of butterflies.
   720 | D:1      | 720 ||| DROPPING potion of attraction.
   722 | D:1      | 722 ||| Stepping ~*~*~tactically~*~*~ (cloud).
   723 | D:1      | 723 ||| DRINKING 3 potions of curing.
   723 | D:1      | 723 ||| (to cure poison)
   725 | D:1      | 725 ||| Stepping ~*~*~tactically~*~*~ (cloud).
   725 | D:1      | HP: 4/16 [poisoned by you (poison gas)]
   726 | D:1      | 726 ||| DRINKING 2 potions of curing.
   726 | D:1      | 726 ||| (to cure poison)
   802 | D:2      | Reached XP level 3. HP: 20/20 MP: 5/5
   942 | D:2      | Reached skill level 7 in Ranged Weapons
   990 | D:2      | Noticed Robin
  1008 | D:2      | Killed Robin
  1155 | D:2      | Reached XP level 4. HP: 25/25 MP: 6/6
  1372 | D:2      | 1372 ||| UPGRADING to +0 helmet.
  1377 | D:2      | 1377 ||| DROPPING amulet of magic regeneration.
  1378 | D:2      | 1378 ||| UPGRADING to ring of positive energy.
  1379 | D:2      | 1379 ||| READING scroll labelled QOUNIM NISTORAY.
  1380 | D:2      | 1380 ||| DRINKING 2 bubbling clear potions.
  1493 | D:3      | Identified the +1 mace of Fedhas's Generosity {flame, rElec
                  | rC+ Str+5 Int-4}
  1500 | D:3      | 1500 ||| FLEEEEING.
  1501 | D:3      | 1501 ||| FLEEEEING.
  1502 | D:3      | 1502 ||| FLEEEEING.
  1503 | D:3      | 1503 ||| FLEEEEING.
  1504 | D:3      | 1504 ||| FLEEEEING.
  1505 | D:3      | 1505 ||| FLEEEEING.
  1506 | D:3      | 1506 ||| FLEEEEING.
  1507 | D:3      | 1507 ||| FLEEEEING.
  1508 | D:3      | 1508 ||| FLEEEEING.
  1509 | D:3      | 1509 ||| FLEEEEING.
  1510 | D:3      | 1510 ||| FLEEEEING.
  1511 | D:3      | 1511 ||| FLEEEEING.
  1512 | D:3      | 1512 ||| FLEEEEING.
  1513 | D:3      | 1513 ||| FLEEEEING.
  1514 | D:3      | 1514 ||| FLEEEEING.
  1515 | D:3      | 1515 ||| FLEEEEING.
  1516 | D:3      | 1516 ||| FLEEEEING.
  1527 | D:3      | Reached skill level 8 in Ranged Weapons
  1532 | D:3      | Reached XP level 5. HP: 17/29 MP: 7/7
  1559 | D:3      | 1559 ||| FLEEEEING.
  1560 | D:3      | 1560 ||| FLEEEEING.
  1560 | D:3      | Found a basalt altar of Yredelemnul.
  1561 | D:3      | 1561 ||| FLEEEEING.
  1562 | D:3      | 1562 ||| FLEEEEING.
  1563 | D:3      | 1563 ||| FLEEEEING.
  1564 | D:3      | 1564 ||| FLEEEEING.
  1565 | D:3      | 1565 ||| FLEEEEING.
  1566 | D:3      | 1566 ||| FLEEEEING.
  1567 | D:3      | 1567 ||| FLEEEEING.
  1568 | D:3      | 1568 ||| FLEEEEING.
  1951 | D:3      | Found a faded altar of an unknown god.
  2053 | D:3      | Reached skill level 9 in Ranged Weapons
  2196 | D:3      | 2196 ||| DROPPING ring of magical power.
  2197 | D:3      | 2197 ||| READING 2 scrolls labelled QEVEGA YRONA.
  2198 | D:3      | 2198 ||| READING scroll labelled KUSUDDUXOZ.
  2203 | D:3      | 2203 ||| DROPPING scroll of blinking.
  2236 | D:4      | Noticed a phantom
  2237 | D:4      | 2237 ||| RETREEEEATING.
  2239 | D:4      | 2239 ||| RETREEEEATING.
  2250 | D:4      | Found a staircase to the Ecumenical Temple.
  2251 | D:4      | 2251 ||| PLANNING TEMPLE
  2255 | D:4      | Killed a phantom
  2256 | D:4      | Reached XP level 6. HP: 23/36 MP: 8/8
  2351 | Temple   | Entered the Ecumenical Temple
  2352 | Temple   | 2352 ||| PLANNING OKAWARU WORSHIP
  2379 | Temple   | Became a worshipper of Warmaster Okawaru
  2380 | Temple   | 2380 ||| PLANNING D:1-11
  2503 | D:4      | Found a hazy altar of Hepliaklqana.
  2535 | D:4      | Found an opulent altar of Gozag.
  2675 | D:4      | Reached XP level 7. HP: 40/40 MP: 9/9
  2758 | D:4      | Identified the +11 rapier of Etsiehuif {flame, rCorr}
  2888 | D:4      | 2888 ||| READING scroll of identify.
  2888 | D:4      | 2888 ||| IDENTIFYING glowing black potion
  2889 | D:4      | 2889 ||| READING 3 scrolls labelled JADGHI TANLICVETT.
  2890 | D:4      | 2890 ||| DROPPING potion of brilliance.
  2891 | D:4      | 2891 ||| DROPPING 2 scrolls of fear.
  2913 | D:5      | Entered Level 5 of the Dungeon
  2932 | D:5      | Reached skill level 10 in Ranged Weapons
  2968 | D:5      | Identified the +1 ring mail of the Bulwark {rElec MP+9
                  | Str-2 Stlth+}
  2971 | D:5      | Found a bloodstained altar of Trog.
  3036 | D:5      | Reached skill level 3 in Dodging
  3266 | D:5      | Noticed a troll
  3267 | D:5      | 3267 ||| RETREEEEATING.
  3269 | D:5      | 3269 ||| RETREEEEATING.
  3270 | D:5      | 3270 ||| RETREEEEATING.
  3272 | D:5      | 3272 ||| RETREEEEATING.
  3276 | D:5      | 3276 ||| RETREEEEATING.
  3277 | D:5      | 3277 ||| RETREEEEATING.
  3279 | D:5      | 3279 ||| RETREEEEATING.
  3280 | D:5      | 3280 ||| RETREEEEATING.
  3281 | D:5      | 3281 ||| RETREEEEATING.
  3285 | D:5      | HP: 9/40 [troll (14)]
  3286 | D:5      | 3286 ||| READING scroll of teleportation.
  3287 | D:5      | Slain by a troll

Levels and vault maps discovered:
D:1:      orjb1_clovarrival, layout_basic, serial_shops, shop
D:2:      layout_basic, uniq_robin
D:3:      layout_basic, mainiacjoe_overflow_alcove_1,
          dilly_ecumenical_altar_fadedgnrine, grunt_ministairs_6
D:4:      layout_cave_pools, old_standard_altar, overflow_temple_1_default,
          minmay_temple_entry_butterflies
D:5:      layout_rooms, mainiacjoe_overflow_chevrons,
          chequers_serial_rivers_small_a, minmay_manual_moon
Temple:   kb_temple_of_zot

Skill      XL: |  1  2  3  4  5  6  7 |
---------------+----------------------+-----
Ranged Weapons | 6 7 8 9 10 | 10.5
Fighting       | 2 |  2.7
Armour         | 2 |  2.0
Dodging        | 3 |  3.8
Stealth        | |  1.2

Action                     |  1- 3 |  4- 6 |  7- 9 || total
---------------------------+-------+-------+-------++-------
   Fire: Shortbow          |   115 |   188 |    94 ||   397
    Use: Scroll            |     3 |     3 |     3 ||     9
         Potion            |     2 |     1 |       ||     3
 Armour: Leather armour    |    14 |       |       ||    14
         Ring mail         |    15 |    59 |    44 ||   118
  Dodge: Dodged            |    30 |    38 |    42 ||   110

Table legend:
 A = Non-vault XP
 B = Vault XP
 C = Vault XP percentage of total XP
 D = Non-vault monster count
 E = Vault monster count
 F = Vault count percentage of total count
                 A         B        C        D         E       F
            +---------+---------+-------+---------+---------+-------
      Total |    1018 |      72 |   6.6 |     102 |      10 |   8.9
            +---------+---------+-------+---------+---------+-------
        D:1 |      36 |       0 |   0.0 |      21 |       0 |   0.0
        D:2 |      47 |      26 |  35.6 |      21 |       7 |  25.0
        D:3 |     174 |       3 |   1.7 |      27 |       2 |   6.9
        D:4 |     475 |       0 |   0.0 |      23 |       0 |   0.0
        D:5 |     286 |      43 |  13.1 |      10 |       1 |   9.1
            +---------+---------+-------+---------+---------+-------
